 Dungeon Crawl Stone Soup version 0.31.0-32-g396128a36d (webtiles) character file.

Game seed: 866164016025942930

6787 Ekko the Severer (level 10, 0/118 (120) HPs)
             Began as a Minotaur Berserker on Apr 16, 2024.
             Was an Elder of Trog.
             Slain by a two-headed ogre
             ... wielding a +0 giant club
              (14 damage)
             ... on level 10 of the Dungeon on Apr 18, 2024.
             The game lasted 01:36:52 (11223 turns).

Ekko the Severer (Minotaur Berserker)              Turns: 11223, Time: 01:36:52

HP:   0/118 (120)   AC: 18    Str: 24    XL:     10   Next: 76%
MP:   9/9           EV:  7    Int:  4    God:    Trog [****..]
Gold: 523           SH:  4    Dex: 12    Spells: 9/9 levels left

rFire   . . .        c - +3 hand axe (vamp)
rCold   . . .        m - +0 buckler
rNeg    . . .        g - +0 plate armour
rPois   .            (helmet restricted)
rElec   .            d - +0 cloak
rCorr   .            f - +0 pair of gloves
SInv    .            r - +0 pair of boots
Will    .....        (no amulet) Stlth
                     (no ring)
HPRegen 0.39/turn    (no ring)
MPRegen 0.11/turn

%: no passive effects
@: berserking, lightly drained, very quick
A: horns 2, retaliatory headbutt, iridescent scales 2, MP-powered wands
a: Renounce Religion, Berserk, Trog's Hand, Brothers in Arms


You were on level 10 of the Dungeon.
You worshipped Trog.
Trog was greatly pleased with you.
You visited 2 branches of the dungeon, and saw 11 of its levels.

You collected 523 gold pieces.

Inventory:

Hand Weapons
 c - a +3 vampiric hand axe (weapon)
 l - the +1 long sword of Hepliaklqana {spect, Int+2 Dex+2}
   (You found it on level 6 of the Dungeon)

   Int+2:     It affects your intelligence (+2).
   Dex+2:     It affects your dexterity (+2).
Missiles
 i - a throwing net (quivered)
Armour
 d - a +0 cloak (worn)
 f - a +0 pair of gloves (worn)
 g - a +0 plate armour (worn)
 m - a +0 buckler (worn)
 r - a +0 pair of boots (worn)
Scrolls
 a - 4 scrolls of noise
 b - a scroll of amnesia
 e - 11 scrolls of identify
 h - a scroll of fog
 j - a scroll of blinking
 k - 2 scrolls of immolation
 p - 2 scrolls of poison
 s - a scroll of teleportation
Potions
 n - a potion of heal wounds
 o - a potion of ambrosia
 q - 2 potions of lignification
 u - a potion of invisibility


   Skills:
 - Level 4.3 Fighting
 - Level 4.0 Long Blades
 + Level 18.5 Axes
 - Level 2.4 Armour
 - Level 2.7 Dodging
 - Level 0.1 Stealth
 + Level 1.9 Shields


You had 9 spell levels left.
You didn't know any spells.
Your spell library contained the following spells:

 Spells                   Type           Power      Damage    Failure   Level
 Magic Dart               Conj           0%         1d3       100%        1
 Sting                    Conj/Alch      0%         1d3       100%        1
 Blink                    Tloc           0%         N/A       100%        2
 Call Imp                 Summ           0%         N/A       100%        2
 Cigotuvi's Dreadful Rot  Necr/Alch/Air  0%         N/A       100%        2
 Mercury Vapours          Alch/Air       0%         N/A       100%        2
 Sublimation of Blood     Necr           0%         N/A       100%        2
 Inner Flame              Hex/Fire       0%         N/A       100%        3
 Summon Ice Beast         Ice/Summ       0%         N/A       100%        3
 Dispel Undead            Necr           0%         3d6       100%        4
 Ignite Poison            Fire/Alch      0%         N/A       100%        4
 Iskenderun's Mystic Bla  Conj/Tloc      0%         2d3       100%        4
 Martyr's Knell           Necr/Summ      0%         N/A       100%        4
 Olgreb's Toxic Radiance  Alch           0%         N/A       100%        4
 Petrify                  Alch/Erth      0%         N/A       100%        4
 Irradiate                Conj/Alch      0%         3d11      100%        5
 Summon Mana Viper        Hex/Summ       0%         N/A       100%        5
 Death Channel            Necr           0%         N/A       100%        6
 Monstrous Menagerie      Summ           0%         N/A       100%        7


Dungeon Overview and Level Annotations

Branches:
Dungeon (10/15)            Temple (1/1) D:4            Lair (0/5) D:9
    Orc: D:9-12

Altars:
Ashenzari
Cheibriados
Dithmenos
Elyvilon
Fedhas
Gozag
Hepliaklqana
Makhleb
Nemelex Xobeh
Okawaru
Ru
Sif Muna
Trog
Uskayaw
Vehumet
Wu Jian
Xom
Yredelemnul
Zin
The Shining One

Shops:
D:3 ([   D:9 [!?


Innate Abilities, Weirdness & Mutations

You have a pair of horns on your head.
You reflexively headbutt those who attack you in melee.
You are mostly covered in iridescent scales. (AC +4)
You expend magic power (3 MP) to strengthen your wands.


Message History

You open the door.
A two-headed ogre comes into view. It is wielding two +0 giant clubs.
The two-headed ogre shouts in stereo!
Found a stone staircase leading down.
You slash the two-headed ogre!
The two-headed ogre is lightly wounded.
You block the two-headed ogre's attack.
The two-headed ogre hits you but does no damage.
You hit the two-headed ogre but do no damage.
You headbutt the two-headed ogre.
The two-headed ogre is moderately wounded.
You barely miss the two-headed ogre. You headbutt the two-headed ogre!
The two-headed ogre is moderately wounded.
The two-headed ogre hits you with a +0 giant club.
The two-headed ogre hits you with a +0 giant club!
You barely miss the two-headed ogre.
The two-headed ogre is moderately wounded.
You hit the two-headed ogre.
The two-headed ogre is heavily wounded.
The two-headed ogre hits you with a +0 giant club!
You block the two-headed ogre's attack.
You barely miss the two-headed ogre.
The two-headed ogre is heavily wounded.
You hit the two-headed ogre but do no damage.
You headbutt the two-headed ogre.
The two-headed ogre is heavily wounded.
You hit the two-headed ogre.
The two-headed ogre is severely wounded.
The two-headed ogre hits you with a +0 giant club!
The two-headed ogre hits you with a +0 giant club!!
* * * LOW HITPOINT WARNING * * *
A red film seems to cover your vision as you go berserk!
You feel yourself moving faster!
You feel mighty!
You hear the faint creaking of a portcullis nearby.
You hit the two-headed ogre.
You feel better.
You headbutt the two-headed ogre!
The two-headed ogre is almost dead.
The two-headed ogre hits you with a +0 giant club!!
* * * LOW HITPOINT WARNING * * *
The two-headed ogre hits you with a +0 giant club!
You die...

#### .... .....
..... ......
......#########
>.....O.......#
#######@......#
..............#
..............#
........<.....#
..............#
########)#######
#......)))....#
#.......))....#
#.............#


You could see a two-headed ogre.

Vanquished Creatures
  2 two-headed ogres
  Joseph (D:8)
  2 komodo dragons (D:9)
  A vampire (D:8)
  11 yaks (D:9)
  A basilisk (D:8)
  5 water moccasins
  2 orc warriors
  An ice beast (D:5)
  A black bear (D:9)
  Pargi (D:4)
  2 centaurs
  A phantom (D:7)
  2 kobold brigands
  3 bullfrogs
  3 scorpions
  8 killer bees
  2 bombardier beetles
  6 orc priests
  2 hounds
  A jelly (D:6)
  4 gnoll boudas
  3 orc wizards
  5 adders
  14 gnolls
  A shadow imp (D:4)
  2 white imps (D:6)
  2 ufetubi (D:6)
  2 dart slugs (D:1)
  3 ribbon worms
  35 orcs
  8 endoplasms
  2 giant cockroaches
  7 goblins
  12 hobgoblins
  6 jackals
  A quokka (D:2)
  5 ball pythons
  10 bats
  3 frilled lizards
  15 kobolds
  3 rats
201 creatures vanquished.

Notes
Turn   | Place    | Note
-------+----------+-------------------------------------------
     0 | D:1      | Ekko the Minotaur Berserker began the quest for the Orb.
     0 | D:1      | Reached XP level 1. HP: 19/19 MP: 0/0
   411 | D:1      | Reached XP level 2. HP: 24/27 MP: 1/1
   469 | D:1      | Reached skill level 4 in Axes
  1091 | D:2      | Reached ** piety under Trog
  1284 | D:2      | Reached XP level 3. HP: 33/33 MP: 2/2
  2243 | D:3      | Found Foamp's Antique Armour Emporium.
  2379 | D:3      | Found Joxiteyrab's Weapon Shoppe.
  2405 | D:3      | Noticed a centaur
  2407 | D:3      | Reached skill level 5 in Axes
  2410 | D:3      | Killed a centaur
  2411 | D:3      | Reached skill level 6 in Axes
  2411 | D:3      | Reached XP level 4. HP: 33/41 MP: 3/3
  2411 | D:3      | Reached XP level 5. HP: 38/47 MP: 4/4
  2618 | D:3      | Found a bloodstained altar of Trog.
  2988 | D:3      | Gained mutation: You expend magic power (3 MP) to
                  | strengthen your wands. [potion of mutation]
  2988 | D:3      | Gained mutation: You are partially covered in iridescent
                  | scales. (AC +2) [potion of mutation]
  2988 | D:3      | Gained mutation: You are mostly covered in iridescent
                  | scales. (AC +4) [potion of mutation]
  3035 | D:4      | Noticed Pargi
  3058 | D:4      | Killed Pargi
  3059 | D:4      | Reached skill level 7 in Axes
  3059 | D:4      | Reached XP level 6. HP: 52/53 MP: 5/5
  3075 | D:4      | Reached *** piety under Trog
  3335 | D:4      | Reached skill level 8 in Axes
  3546 | D:4      | Found a staircase to the Ecumenical Temple.
  3555 | Temple   | Entered the Ecumenical Temple
  4011 | D:5      | Entered Level 5 of the Dungeon
  4247 | D:5      | Got the Vellum of Incandescence and Blasting
  4935 | D:5      | Reached skill level 9 in Axes
  4935 | D:5      | Reached XP level 7. HP: 60/60 MP: 6/6
  4950 | D:5      | Found a hide-covered altar of Uskayaw.
  5115 | D:5      | Reached skill level 10 in Axes
  6077 | D:6      | Reached skill level 11 in Axes
  6342 | D:6      | Reached XP level 8. HP: 65/67 MP: 7/7
  6356 | D:6      | Found a sacrificial altar of Ru.
  6509 | D:6      | Identified the +1 long sword of Hepliaklqana {spect, Int+2
                  | Dex+2}
  6864 | D:7      | Reached **** piety under Trog
  7190 | D:7      | Found a radiant altar of Vehumet.
  7364 | D:7      | Found a snail-covered altar of Cheibriados.
  7381 | D:7      | Reached skill level 1 in Long Blades
  7742 | D:7      | Reached skill level 12 in Axes
  8810 | D:8      | Noticed Joseph
  8821 | D:8      | Killed Joseph
  8822 | D:8      | Reached skill level 13 in Axes
  8822 | D:8      | Reached XP level 9. HP: 72/72 MP: 8/8
  9069 | D:8      | Reached skill level 14 in Axes
  9168 | D:8      | Found a shimmering altar of Xom.
  9248 | D:8      | Noticed a two-headed ogre
  9261 | D:8      | Killed a two-headed ogre
  9262 | D:8      | Reached skill level 15 in Axes
  9536 | D:9      | Found Foamad's Distillery.
  9667 | D:9      | Noticed a two-headed ogre
  9682 | D:9      | Killed a two-headed ogre
  9683 | D:9      | Reached skill level 16 in Axes
  9847 | D:9      | Found Sats's Armour Shop.
  9876 | D:9      | Reached XP level 10. HP: 76/80 MP: 9/9
  9907 | D:9      | Found an ornate altar of the Wu Jian Council.
  9916 | D:9      | Found a glowing golden altar of the Shining One.
  9984 | D:9      | Found a staircase to the Lair.
 10031 | D:9      | Reached skill level 17 in Axes
 10391 | D:9      | Reached skill level 18 in Axes
 10391 | D:9      | Reached skill level 1 in Shields
 10653 | D:9      | Found Ajeudu Diti's Magic Scroll Shoppe.
 10653 | D:9      | Identified the +6 dagger of Qupiycut {drain, rF+ Str+2
                  | Int+2}
 11117 | D:10     | Entered Level 10 of the Dungeon
 11131 | D:10     | Found a basalt altar of Yredelemnul.
 11208 | D:10     | Noticed a two-headed ogre
 11223 | D:10     | Slain by a two-headed ogre

Illustrated notes

Levels and vault maps discovered:
D:1:      minmay_arrival_jagged, layout_rooms
D:2:      minmay_alternating_diamond, layout_loops_ring, minmay_tall_x
D:3:      layout_basic, trog_hazing_becter, serial_shops, nicolae_diamond_shop,
          shop
D:4:      layout_basic, temple_statues, serial_co_window_serial,
          co_window_cross_1, co_window_paths_b, co_window_corner_a,
          co_window_of_opportunity_a, co_window_paths_a, co_window_2corner,
          co_window_corner_b, co_window_corner_ca, co_window_2corner,
          co_window_2corner, glass_columns_c, glass_columns_b, glass_columns_a,
          amcnicky_mini_pool_small, abandoned_shop, uniq_pargi
D:5:      layout_basic, mainiacjoe_overflow_alcove_4, grunt_ministairs_1
D:6:      layout_basic, nicolae_ru_path_of_blood, serial_corexii_hall,
          corexii_hall_statues_l, chequers_hall_statues_y,
          corexii_hall_statues_i, corexii_hall_statues_x, minmay_strange_pillars
D:7:      layout_basic, mainiacjoe_overflow_boulevard, marbit_many_paths,
          minmay_misc_feat_nine_boxes
D:8:      layout_gridville, kennysheep_mini_moat, uniq_joseph
D:9:      layout_cave_pools, lemuel_doored_altar, overflow_temple_1_default,
          due_lair_maze_entry_diamond, serial_shops, shop, shop,
          nicolae_square_shop, serial_park_tiny_pond
D:10:     gammafunk_beogh_shrine, layout_grid_maze,
          nicolae_qazlal_scattered_showers, nicolae_kikubaaqudgha_miasma_corner,
          yredelemnul_altar_generic, kennysheep_orc_monster_closet_entryway,
          enter_bailey_2
Temple:   nicolae_temple_ecumenical_triangle

Skill      XL: |  1  2  3  4  5  6  7  8  9 10 |
---------------+-------------------------------+-----
Fighting       | 4 |  4.3
Axes           | 4 6 7 9 11 13 16 18 | 18.5
Long Blades    | 4 |  4.0
Shields        | 1 |  1.9
Armour         | |  2.4
Dodging        | |  2.7
Stealth        | |  0.1

Action                     |  1- 3 |  4- 6 |  7- 9 | 10-12 || total
---------------------------+-------+-------+-------+-------++-------
  Melee: Hand axe          |   106 |   102 |   190 |   136 ||   534
         Headbutt          |    15 |    15 |    63 |    34 ||   127
         Punch             |     1 |       |     6 |       ||     7
         Long sword        |       |       |   116 |       ||   116
 Invoke: Berserk           |       |       |     3 |     4 ||     7
    Use: Scroll            |     5 |     4 |     5 |       ||    14
         Potion            |     4 |     2 |     5 |       ||    11
   Stab: Sleeping          |     1 |       |       |       ||     1
 Armour: Animal skin       |    44 |       |       |       ||    44
         Leather armour    |    10 |       |       |       ||    10
         Plate armour      |     5 |    75 |   286 |    89 ||   455
         Ring mail         |     4 |       |       |       ||     4
  Dodge: Dodged            |    48 |    37 |   114 |    27 ||   226
  Block: Buckler           |       |       |       |    18 ||    18
